 Dungeon Crawl Stone Soup version 0.31-a0-1027-gfb7600b534 (webtiles) character file.

Game seed: 14315129773388882571

34498 Avanven the Bludgeoner (level 13, -7/86 HPs)
             Began as a Gargoyle Fighter on Nov 18, 2023.
             Was a High Priest of Okawaru.
             Killed by divine providence
             ... invoked by Saint Roka
              (13 damage)
             ... in the Arena.
             The game lasted 00:34:19 (14728 turns).

Avanven the Bludgeoner (Gargoyle Fighter)          Turns: 14728, Time: 00:34:19

Health: -7/86      AC: 46    Str: 27    XL:     13   Next: 77%
Magic:  3/14       EV:  4    Int: 10    God:    Okawaru [*****.]
Gold:   700        SH: 21    Dex: 13    Spells: 12/12 levels left

rFire   . . .        s - +12 mace of Honour {freeze, Dex+4}
rCold   . . .        H - +0 tower shield
rNeg    + + .        R - +6 crystal plate armour of Piantu {-Tele rElec SInv}
rPois   ∞            (no helmet)
rElec   +            y - +0 cloak
rCorr   .            q - +2 pair of gloves of Sutil {Str+3}
SInv    +            I - +2 pair of boots
Will    .....        S - amulet of reflection Stlth
                     h - ring of positive energy
HPRegen 0.34/turn    J - ring of see invisible
MPRegen 0.14/turn

%: no teleportation, reflection
@: mighty, finesse-ful, duelling
A: sickness immunity, AC +9, negative energy resistance 1, electricity
resistance, torment resistance 1, petrification resistance
a: Renounce Religion, Heroism, Finesse, Duel


You were in the Arena.
You worshipped Okawaru.
Okawaru was extremely pleased with you.
You visited 3 branches of the dungeon, and saw 15 of its levels.
You also visited: Sewer and Gauntlet.

You collected 1623 gold pieces.
You spent 923 gold pieces at shops.

Inventory:

Hand Weapons
 s - the +12 mace of Honour (weapon) {freeze, Dex+4}
   (You found it on level 3 of the Dungeon)

   Dex+4:     It affects your dexterity (+4).
 Q - the +7 lajatang of Order {silver, rMut}
   (Okawaru gifted it to you on level 10 of the Dungeon)

   rMut:      It protects you from mutation.
Missiles
 f - 2 throwing nets
 E - 12 silver javelins
Armour
 q - the +2 pair of gloves of Sutil (worn) {Str+3}
   (You found it in a Gauntlet)

   Str+3:     It affects your strength (+3).
 y - a +0 cloak (worn)
 H - a +0 tower shield (worn)
 I - a +2 pair of boots (worn)
 R - the +6 crystal plate armour of Piantu (worn) {-Tele rElec SInv}
   (Okawaru gifted it to you on level 10 of the Dungeon)

   rElec:     It insulates you from electricity.
   SInv:      It lets you see invisible.
   -Tele:     It prevents most forms of teleportation.
Jewellery
 a - the ring "Bieraxti" {rF- rCorr MP+9 SInv Stlth-}
   (You acquired it on level 5 of the Dungeon)

   [ring of magical power]

   rF-:       It makes you vulnerable to fire.
   MP+9:      It affects your magic capacity (+9).
   SInv:      It lets you see invisible.
   rCorr:     It protects you from acid and corrosion.
   Stlth-:    It makes you less stealthy.
 e - a ring of protection from cold
 h - a ring of positive energy (left hand)
 n - a ring of ice
 p - a ring of flight
 J - a ring of see invisible (right hand)
 S - an amulet of reflection (around neck)
Wands
 u - a wand of quicksilver (3)
 A - a wand of polymorph (6)
 B - a wand of charming (32)
 G - a wand of iceblast (23)
Scrolls
 b - 3 scrolls of fear
 j - 6 scrolls of teleportation
 k - a scroll of brand weapon
 l - 2 scrolls of fog
 o - 3 scrolls of revelation
 v - a scroll of vulnerability
 w - 4 scrolls of silence
 D - 2 scrolls of noise {unknown}
 F - 4 scrolls of enchant armour
 K - a scroll of poison
 L - a scroll of torment {unknown}
 M - a scroll of amnesia
 N - 3 scrolls of identify
 P - 3 scrolls of enchant weapon {unknown}
Potions
 c - 2 potions of curing
 g - 2 potions of heal wounds
 i - 2 potions of haste
 m - 4 potions of brilliance
 r - a potion of mutation
 t - 2 potions of lignification
 x - 3 potions of magic
 z - a potion of invisibility
 C - 2 potions of ambrosia


   Skills:
 + Level 12.2 Fighting
 * Level 15.2 Maces & Flails
 + Level 12.2 Armour
 + Level 10.4 Shields
 - Level 2.2 Invocations


You had 12 spell levels left.
You didn't know any spells.
Your spell library contained the following spells:

 Spells                   Type           Power      Damage    Failure   Level
 Freeze                   Ice            0%         1d3       100%        1
 Blink                    Tloc           0%         N/A       100%        2
 Lesser Beckoning         Tloc           0%         N/A       100%        2
 Momentum Strike          Conj/Tloc      0%         3d8       100%        2
 Wereblood                Tmut           0%         N/A       100%        2
 Dazzling Flash           Conj/Hex       0%         N/A       100%        3
 Frozen Ramparts          Ice            0%         1d1       100%        3
 Gell's Gravitas          Tloc           0%         N/A       100%        3
 Hailstorm                Conj/Ice       0%         3d3       100%        3
 Teleport Other           Tloc           0%         N/A       100%        3
 Volatile Blastmotes      Fire/Tloc      0%         2d10      100%        3
 Dispersal                Tloc           0%         N/A       100%        6
 Starburst                Conj/Fire      0%         6d3       100%        6
 Maxwell's Capacitive Co  Air            0%         ∞         100%        8
 Sublimation of Blood     Necr           Unusable   N/A       N/A         2
 Summon Hydra             Summ           Unusable   N/A       N/A         7

Dungeon Overview and Level Annotations

Branches:
Dungeon (12/15)            Temple (1/1) D:5            Lair (0/5) D:11
    Orc (2/2) D:10            Elf (0/3) Orc:2         Sewer (visited)
Gauntlet (visited)

Altars:
Ashenzari
Cheibriados
Dithmenos
Elyvilon
Fedhas
Gozag
Hepliaklqana
Kikubaaqudgha
Makhleb
Nemelex Xobeh
Okawaru
Qazlal
Ru
Sif Muna
Trog
Uskayaw
Vehumet
Wu Jian
Xom
Yredelemnul
Zin
The Shining One

Shops:
D:2 =   D:3 :   D:5 [   D:8 [   D:11 (*   Orc:2 =!

Annotations:
Arena Saint Roka


Innate Abilities, Weirdness & Mutations

You are immune to sickness and miasma.
Your stone body is resilient. (AC +9)
You are immune to poison.
You resist negative energy. (rN+)
You are resistant to electric shocks. (rElec)
You are resistant to unholy torment.
You are immune to petrification.


Message History

Saint Roka hits you but does no damage.
You barely miss Saint Roka.
Saint Roka is lightly wounded.
You hit Saint Roka but do no damage.
Saint Roka is lightly wounded.
Saint Roka says, "In the orcish mines, orcs kill the likes of YOU!"
You block Saint Roka's attack.
You barely miss Saint Roka.
Saint Roka is lightly wounded.
You sock Saint Roka! You freeze Saint Roka.
Saint Roka is lightly wounded.
Saint Roka hits you with a +1 halberd of protection!!
You hit Saint Roka. You freeze Saint Roka.
Saint Roka is moderately wounded.
You sock Saint Roka! You freeze Saint Roka.
Saint Roka is moderately wounded.
You sock Saint Roka! You freeze Saint Roka.
Saint Roka is moderately wounded.
Saint Roka says, "I shall smite you and smash you."
Saint Roka hits you but does no damage.
You barely miss Saint Roka.
Saint Roka is moderately wounded.
You feel very mighty all of a sudden.
Saint Roka mumbles some strange prayers to Beogh against you.
Beogh smites you!
* * * LOW HITPOINT WARNING * * *
The spectator cheers noisily.
You barely miss Saint Roka.
Saint Roka is moderately wounded.
You block Saint Roka's attack.
You feel mightier all of a sudden.
Saint Roka invokes the aid of Beogh against you.
Beogh smites you!
* * * LOW HITPOINT WARNING * * *
You feel mightier all of a sudden.
Saint Roka mumbles some strange prayers to Beogh against you.
Beogh smites you!
You die...
Saint Roka roars, "Praise to Beogh!"
Okawaru crowns Saint Roka victorious!

###########
#..p▓p▓p..# ##
▓▓▓▓▓▓▓▓▓ ##
#.▓ ....... ▓.#
#.▓.#.....#.▓.#
#p▓.........▓p#
#▓▓.........▓▓#
#p▓...o@....▓p#
#▓▓.........▓▓#
#p▓.........▓p#
#.▓.#.....#.▓.#
#.▓ ....... ▓.#
## ▓▓▓▓▓▓▓▓▓ ##
#..p▓∩▓p..#
###########


You could see Saint Roka.

Vanquished Creatures
  A minotaur (Gauntlet)
  Fannar (Orc:1)
  A boulder beetle (D:10)
  A centaur warrior (D:9)
  A two-headed ogre (D:10)
  A fire crab (Gauntlet)
  An arcanist (Gauntlet)
  Pikel (D:8)
  An orc knight (Orc:2)
  A glowing orange brain (Gauntlet)
  A necromancer (Gauntlet)
  2 manticores (Orc:2)
  An oklob plant (D:11)
  2 orc sorcerers (Orc:2)
  7 cyclopes
  4 ugly things
  A smoke demon (Gauntlet)
  Maurice (Orc:1)
  3 gargoyles (D:11)
  An unseen horror (D:12)
  4 orange demons (Orc:2)
  3 kobold demonologists (D:12)
  7 trolls
  A hornet (D:7)
  A raiju (shapeshifter) (D:9)
  Grinder (D:3)
  Sigmund (D:2)
  2 slime creatures (D:12)
  2 water elementals
  4 shadows
  3 wyverns
  A vampire (D:10)
  15 yaks
  5 fire bats (Gauntlet)
  4 wraiths
  2 steam dragons
  7 vampire mosquitoes (D:12)
  2 wargs (Orc:2)
  An acid dragon (D:10)
  2 hell hounds (Gauntlet)
  Duvessa (D:4)
  3 ice beasts (D:6)
  25 orc warriors
  A water moccasin (D:9)
  3 black bears
  3 ogres
  5 centaurs
  4 wolves (Gauntlet)
  2 phantoms
  Blork the orc (D:5)
  2 kobold brigands
  6 bullfrogs
  A gnoll sergeant (D:8)
  8 scorpions
  6 wights
  Dowan (D:4)
  9 killer bees
  3 electric eels (D:11)
  9 howler monkeys
  8 crimson imps
  3 hounds
  A jelly (D:5)
  Crazy Yiuf (D:3)
  30 orc priests
  Jessica (D:2)
  28 orc wizards
  A sleepcap (D:7)
  Ijyb (D:5)
  Terence (D:2)
  3 iguanas
  5 gnolls (D:9)
  15 adders
  A river rat (D:6)
  4 shadow imps
  9 white imps
  12 ufetubi
  A dart slug (D:3)
  96 orcs
  10 ball pythons
  6 bats
  8 endoplasms
  11 giant cockroaches
  7 goblins
  2 hobgoblins
  13 kobolds
  17 quokkas
  6 frilled lizards
  4 rats
499 creatures vanquished.

Vanquished Creatures (others)
  An orc (Orc:2)
1 creature vanquished.

Grand Total: 500 creatures vanquished

Notes
Turn   | Place    | Note
-------+----------+-------------------------------------------
     0 | D:1      | Avanven the Gargoyle Fighter began the quest for the Orb.
     0 | D:1      | Reached XP level 1. HP: 14/14 MP: 1/1
   313 | D:1      | Reached XP level 2. HP: 18/19 MP: 2/2
   794 | D:2      | Noticed Jessica
   803 | D:2      | Killed Jessica
   804 | D:2      | Reached skill level 3 in Maces & Flails
   804 | D:2      | Reached XP level 3. HP: 21/24 MP: 3/3
   824 | D:2      | Noticed Terence
   832 | D:2      | Killed Terence
   833 | D:2      | Reached XP level 4. HP: 22/29 MP: 4/4
   907 | D:2      | Reached XP level 5. HP: 31/33 MP: 5/5
  1030 | D:2      | Found Heji's Jewellery Emporium.
  1078 | D:2      | Reached skill level 4 in Maces & Flails
  1307 | D:2      | Found an ornate altar of the Wu Jian Council.
  1307 | D:2      | Noticed Sigmund
  1322 | D:2      | Killed Sigmund
  1323 | D:2      | Reached skill level 5 in Maces & Flails
  1323 | D:2      | Reached XP level 6. HP: 35/40 MP: 6/6
  1419 | D:3      | Identified the +12 mace of Honour {freeze, Dex+4}
  1445 | D:3      | Noticed Grinder
  1449 | D:3      | Paralysed by Grinder for 4 turns
  1456 | D:3      | Killed Grinder
  1457 | D:3      | Reached skill level 5 in Fighting
  1457 | D:3      | Reached skill level 5 in Armour
  1457 | D:3      | Reached XP level 7. HP: 37/44 MP: 7/7
  1542 | D:3      | Found a runed translucent door.
  1543 | D:3      | Noticed Crazy Yiuf
  1692 | D:3      | HP: 2/44 [endoplasm (3)]
  1918 | D:3      | Noticed a walking divine tome
  1920 | D:3      | Found Tefeiss's Book Shoppe.
  1923 | D:3      | Noticed a walking crystal tome
  1986 | D:3      | Killed Crazy Yiuf
  2029 | D:3      | Reached skill level 6 in Maces & Flails
  2087 | D:4      | Noticed Duvessa
  2087 | D:4      | Noticed Dowan
  2105 | D:4      | Killed Duvessa
  2106 | D:4      | Reached XP level 8. HP: 51/51 MP: 8/8
  2115 | D:4      | Killed Dowan
  2165 | D:4      | Reached skill level 7 in Maces & Flails
  2524 | D:5      | Entered Level 5 of the Dungeon
  2524 | D:5      | Noticed Ijyb
  2536 | D:5      | Killed Ijyb
  2571 | D:5      | Noticed Blork the orc
  2580 | D:5      | Killed Blork the orc
  2729 | D:5      | Found a staircase to the Ecumenical Temple.
  2765 | Temple   | Entered the Ecumenical Temple
  2773 | Temple   | Became a worshipper of Warmaster Okawaru
  3046 | D:5      | Reached skill level 8 in Maces & Flails
  3050 | D:5      | Reached XP level 9. HP: 53/56 MP: 9/9
  3057 | D:5      | Reached * piety under Okawaru
  3062 | D:5      | Reached skill level 1 in Invocations
  3236 | D:5      | Found Asomisue's Armour Shop.
  3244 | D:5      | Bought a +2 pair of boots for 181 gold pieces
  3284 | D:5      | Identified a scroll of acquirement
  3284 | D:5      | Acquired the ring "Bieraxti" {rF- rCorr MP+9 SInv Stlth-}
  3679 | D:6      | Found a glowing drain.
  3692 | Sewer    | Entered a sewer
  4519 | D:7      | Reached skill level 9 in Maces & Flails
  4541 | D:7      | Found a bloodstained altar of Trog.
  4559 | D:7      | Found a shimmering blue altar of Sif Muna.
  4566 | D:7      | Reached ** piety under Okawaru
  4603 | D:7      | Found a radiant altar of Vehumet.
  4616 | D:7      | Noticed a hornet
  4624 | D:7      | Killed a hornet
  4931 | D:7      | Reached XP level 10. HP: 59/64 MP: 11/11
  5447 | D:8      | Reached *** piety under Okawaru
  5448 | D:8      | Reached skill level 10 in Maces & Flails
  5548 | D:8      | Noticed Pikel
  5564 | D:8      | Killed Pikel
  5565 | D:8      | Reached skill level 5 in Shields
  5762 | D:8      | Found Adashrutt's Antique Armour Shoppe.
  6107 | D:8      | Reached **** piety under Okawaru
  6527 | D:9      | Reached skill level 11 in Maces & Flails
  6672 | D:9      | Reached ***** piety under Okawaru
  6684 | D:9      | Received a gift from Okawaru
  6685 | D:9      | Reached XP level 11. HP: 61/71 MP: 12/12
  6820 | D:9      | Noticed a cyclops
  6850 | D:9      | Killed a cyclops
  6869 | D:9      | Noticed a cyclops
  6874 | D:9      | Killed a cyclops
  6884 | D:9      | Noticed a cyclops
  7066 | D:9      | Killed a cyclops
  7248 | D:9      | Noticed a purple ugly thing
  7248 | D:9      | Noticed a green ugly thing
  7258 | D:9      | Killed a purple ugly thing
  7266 | D:9      | Killed a green ugly thing
  7384 | D:9      | Reached skill level 12 in Maces & Flails
  7398 | D:9      | Noticed a centaur warrior
  7402 | D:9      | Killed a centaur warrior
  7500 | D:9      | Found a shadowy altar of Dithmenos.
  7500 | D:9      | Found a sacrificial altar of Ru.
  7500 | D:9      | Found a stormy altar of Qazlal.
  7500 | D:9      | Found a blossoming altar of Fedhas.
  7529 | D:9      | Found a basalt altar of Yredelemnul.
  7534 | D:9      | Found a snail-covered altar of Cheibriados.
  7615 | D:9      | Received a gift from Okawaru
  7616 | D:9      | Reached skill level 10 in Fighting
  7616 | D:9      | Reached skill level 10 in Armour
  8007 | D:10     | Entered Level 10 of the Dungeon
  8095 | D:10     | Noticed a two-headed ogre
  8101 | D:10     | Killed a two-headed ogre
  8769 | D:10     | Found a staircase to the Orcish Mines.
  8898 | D:10     | Reached XP level 12. HP: 77/77 MP: 13/13
  9315 | D:11     | Found Muffos's Weapon Shop.
  9361 | D:11     | Found a gate leading to a gauntlet.
  9370 | Gauntlet | Entered a Gauntlet
  9370 | Gauntlet | Found a transporter.
  9373 | Gauntlet | Found a transporter.
  9377 | Gauntlet | Found a transporter.
  9385 | Gauntlet | Found a transporter.
  9389 | Gauntlet | Found a transporter.
  9421 | Gauntlet | Received a gift from Okawaru
  9428 | Gauntlet | Found a transporter.
  9482 | Gauntlet | Reached skill level 13 in Maces & Flails
  9493 | Gauntlet | Found a transporter.
  9544 | Gauntlet | Found a transporter.
  9545 | Gauntlet | Found a transporter.
  9545 | Gauntlet | Found a transporter.
  9640 | Gauntlet | Found a transporter.
  9640 | Gauntlet | Found a transporter.
  9646 | Gauntlet | Found a transporter.
  9859 | Gauntlet | Received a gift from Okawaru
  9866 | Gauntlet | Found a transporter.
  9909 | Gauntlet | Identified the +2 pair of gloves of Sutil {Str+3}
 10001 | Gauntlet | Noticed a minotaur
 10012 | Gauntlet | Killed a minotaur
 10022 | Gauntlet | Identified the +1 leather armour "Gumuig" {Harm}
 10301 | D:11     | Noticed a boulder beetle
 10952 | D:11     | Found Diojeawk's Desiderata Depot.
 11082 | D:11     | Found a staircase to the Lair.
 11087 | D:11     | Received a gift from Okawaru
 11587 | D:12     | Reached skill level 14 in Maces & Flails
 11630 | D:12     | Found a broken altar of Ashenzari.
 11694 | D:12     | Noticed a sun demon
 11707 | D:12     | Reached XP level 13. HP: 84/84 MP: 11/14
 12615 | D:10     | Reached ****** piety under Okawaru
 12615 | D:10     | Received a gift from Okawaru
 12620 | D:10     | Acquired the +7 lajatang of Order {silver, rMut}
 12620 | D:10     | Received a gift from Okawaru
 12620 | D:10     | Found the +7 lajatang of Order {silver, rMut}
 12624 | D:10     | Acquired the +6 crystal plate armour of Piantu {-Tele rElec
                  | SInv}
 12624 | D:10     | Received a gift from Okawaru
 12729 | Orc:1    | Entered Level 1 of the Orcish Mines
 12818 | Orc:1    | Noticed Fannar
 12830 | Orc:1    | Killed Fannar
 12970 | Orc:1    | Noticed Maurice
 12981 | Orc:1    | Killed Maurice
 13279 | D:6      | Reached skill level 10 in Shields
 13357 | D:2      | Bought an amulet of reflection for 300 gold pieces
 13558 | Orc:2    | Entered Level 2 of the Orcish Mines
 13621 | Orc:2    | Found a staircase to the Elven Halls.
 13776 | Orc:2    | Found Arib's Distillery.
 13831 | Orc:2    | Bought a potion of curing for 51 gold pieces
 13831 | Orc:2    | Bought a potion of haste for 170 gold pieces
 13831 | Orc:2    | Bought a potion of heal wounds for 85 gold pieces
 13831 | Orc:2    | Bought a potion of curing for 51 gold pieces
 13831 | Orc:2    | Bought a potion of heal wounds for 85 gold pieces
 13976 | Orc:2    | Received a gift from Okawaru
 13977 | Orc:2    | Reached skill level 15 in Maces & Flails
 14403 | Orc:2    | Found Isil's Jewellery Shoppe.
 14707 | Orc:2    | Noticed Saint Roka
 14714 | Arena    | Entered the Arena
 14728 | Arena    | Killed from afar by Saint Roka

Illustrated notes

Levels and vault maps discovered:
D:1:      lightli_arrival_quake, layout_loops_ring
D:2:      cheibrodos_pilgrimage, layout_rooms, serial_shops, shop, basic_altar,
          uniq_terence, uniq_sigmund, uniq_jessica
D:3:      layout_rooms, serial_shops, nicolae_shop_mannequins, dk_vineyard_3,
          uniq_grinder, uniq_crazy_yiuf_cottage
D:4:      layout_cave_pools, nicolae_kite_square_tiling_tiny, uniq_duvessa
D:5:      layout_rooms, minmay_temple_entry_mini_moons, serial_shops, shop,
          grunt_ministairs_15, minmay_starry_boxes, uniq_ijyb,
          uniq_blork_the_orc
D:6:      layout_loops_ring, cheibrodos_sewer_entry_sluice
D:7:      layout_basic, grunt_temple_overflow_open, serial_curves,
          eino_curves_01, eino_curves_01, minmay_a_box_with_orc_wizards_in_it
D:8:      layout_basic, serial_shops, shop, st_stairs_9, minmay_fire_ice_demons,
          uniq_pikel
D:9:      minmay_the_grid_four_pointed_star
          [minmay_the_grid_triangle_9x9_semitri,
          minmay_the_grid_triangle_9x9_dagger,
          minmay_the_grid_triangle_9x9_limited_checkers,
          minmay_the_grid_triangle_9x9_skeleton,
          minmay_the_grid_prize_big_room], layout_loops_ring,
          minmay_overflow_temple_hex
D:10:     layout_gridville, hiddenorc1_lemuel
D:11:     kennysheep_ambush_hall, layout_basic, dpeg_oklobed_lair,
          gauntlet_entry_generic, serial_shops,
          nicolae_shop_temple_entry_statues_fountains, nicolae_alphabet_shops
D:12:     layout_roguey, nicolae_ashenzari_panopticon
Temple:   cyrus_circular_temple
Orc:1:    layout_diamond_mine, guppyfry_library_mini, uniq_fannar, uniq_maurice
Orc:2:    grunt_orc_community_town_hall, layout_caves,
          grunt_orc_community_big_house_1, grunt_orc_community_big_house_1,
          grunt_orc_community_house_3, grunt_orc_community_house_1,
          grunt_orc_community_house_1, grunt_orc_community_house_1,
          grunt_orc_community_house_1, nicolae_orc_sculptors_studio,
          einodemon_barbed_minivault
Arena

Skill      XL: |  1  2  3  4  5  6  7  8  9 10 11 12 13 |
---------------+----------------------------------------+-----
Maces & Flails | 3 5 6 8 9 11 12 14 15 | 15.2
Fighting       | 4 5 6 8 9 10 11 12 | 12.2
Armour         | 4 5 6 8 9 10 11 12 | 12.2
Invocations    | 2 |  2.2
Shields        | 4 6 7 9 10 | 10.4

Action                     |  1- 3 |  4- 6 |  7- 9 | 10-12 | 13-15 || total
---------------------------+-------+-------+-------+-------+-------++-------
  Melee: Whip              |    42 |    83 |       |       |       ||   125
         Flail             |     1 |       |       |       |       ||     1
         Mace              |       |     5 |   354 |   540 |   409 ||  1308
 Invoke: Heroism           |       |       |       |     6 |     1 ||     7
         Finesse           |       |       |       |       |     1 ||     1
         Duel              |       |       |       |       |     1 ||     1
         Receive Weapon    |       |       |       |       |     1 ||     1
         Receive Armour    |       |       |       |       |     1 ||     1
    Use: Scroll            |       |       |    20 |     7 |       ||    27
         Potion            |       |       |       |     4 |     4 ||     8
 Armour: Scale mail        |    19 |    65 |   254 |   363 |    49 ||   750
         Crystal plate arm |       |       |       |       |   123 ||   123
  Dodge: Dodged            |     9 |    36 |   169 |   185 |    46 ||   445
  Block: Buckler           |     8 |    20 |    72 |   105 |    18 ||   223
         Tower shield      |       |       |       |       |   321 ||   321
         Reflection        |       |       |       |       |     3 ||     3

Table legend: (Time is in decaauts)
 A = Elapsed time spent in this place.
 B = Non-inter-level travel time spent in this place.
 C = Inter-level travel time spent in this place.
 D = Time resting spent in this place.
 E = Time spent auto-exploring this place.
 F = Levels seen in this place.
 G = Mean time per level.
                   A        B        C        D        E       F      G
               +--------+--------+--------+--------+--------+-----+--------+
         Total |  14647 |  13927 |    720 |   2222 |   8310 |  18 |  813.7 |
       Dungeon |  11704 |  11025 |    679 |   1655 |   7001 |  12 |  975.3 |
        Temple |     15 |     15 |      0 |      0 |      0 |   1 |   15.0 |
  Orcish Mines |   1630 |   1589 |     41 |      0 |   1135 |   2 |  815.0 |
         Sewer |    404 |    404 |      0 |     41 |    109 |   1 |  404.0 |
      Gauntlet |    885 |    885 |      0 |    526 |     65 |   1 |  885.0 |
         Arena |      7 |      7 |      0 |      0 |      0 |   1 |    7.0 |
               +--------+--------+--------+--------+--------+-----+--------+

Top non-repeatable levels by time:
    D:10: 1644 daAuts
     D:9: 1439 daAuts
    D:11: 1240 daAuts
     D:8: 1199 daAuts
   Orc:2: 1111 daAuts
     D:5: 939 daAuts
    D:12: 937 daAuts
     D:7: 907 daAuts
Gauntlet: 885 daAuts
     D:1: 851 daAuts
     D:6: 771 daAuts
     D:3: 700 daAuts
     D:2: 576 daAuts
   Orc:1: 519 daAuts
     D:4: 496 daAuts
